Map: Lerilak Crest

Players

Princess - Winner!

  • Race: Protoss Protoss
  • League: Diamond

LilDicky

  • Race: Terran Terran
  • League: Diamond

VOD

http://www.twitch.tv/tumescentpie

Description

Time

  • Played on: Dec. 1, 2015, 7:51 p.m.
  • Length: 7:28
Show
View Real Time Build Order
Export as new Build Order

Princess Protoss - Winner!

Build Orders:  

Get SALT Encoding   

  12  0:01  Probe (Chrono Boost)  
  13  0:11  Probe (Chrono Boost)  
  14  0:18  Pylon  
  14  0:22  Probe (Chrono Boost)  
  15  0:36  Probe (Chrono Boost)  
  15  0:38  Gateway  
  16  0:46  Probe (Chrono Boost), Assimilator  
  17  0:57  Probe (Chrono Boost), Assimilator  
  18  1:08  Probe (Chrono Boost)  
  19  1:18  Probe (Chrono Boost)  
  20  1:23  Pylon  
  20  1:25  Cybernetics Core  
  20  1:29  Probe (Chrono Boost)  
  21  1:39  Probe (Chrono Boost)  
  22  1:50  Probe (Chrono Boost)  
  23  2:00  Probe (Chrono Boost)  
  24  2:02  Warp Gate  
  24  2:11  Nexus  
  24  2:18  Mothership Core (Chrono Boost)  
  26  2:25  Stalker  
  28  2:36  Probe (Chrono Boost)  
  29  2:39  Pylon  
  29  2:51  Probe (Chrono Boost)  
  30  2:57  Robotics Facility  
  30  2:58  Pylon  
  31  3:05  Probe (Chrono Boost)  
  31  3:16  Probe (Chrono Boost)  
  31  3:17  Stalker  
  34  3:26  Probe (Chrono Boost)  
  35  3:28  Probe (Chrono Boost)  
  35  3:34  Pylon  
  36  3:37  Probe (Chrono Boost)  
  36  3:39  Probe (Chrono Boost)  
  38  3:47  Probe (Chrono Boost)  
  39  3:50  Probe (Chrono Boost)  
  39  3:51  Pylon  
  40  3:58  Probe (Chrono Boost)  
  40  4:00  Probe (Chrono Boost), Immortal  
  46  4:09  Probe (Chrono Boost)  
  47  4:12  Probe (Chrono Boost)  
  48  4:19  Probe (Chrono Boost)  
  48  4:21  Assimilator  
  48  4:23  Probe (Chrono Boost)  
  50  4:25  Assimilator  
  50  4:30  Probe (Chrono Boost)  
  51  4:34  Probe (Chrono Boost)  
  52  4:40  Immortal, Probe (Chrono Boost)  
  52  4:44  Probe (Chrono Boost)  
  58  4:51  Probe (Chrono Boost)  
  59  4:53  Pylon  
  59  4:55  Probe (Chrono Boost)  
  59  4:57  Nexus  
  60  5:01  Sentry, Probe (Chrono Boost)  
  60  5:06  Probe (Chrono Boost)  
  64  5:12  Twilight Council  
  64  5:14  Gateway  
  64  5:15  Probe (Chrono Boost)  
  61  5:24  Probe (Chrono Boost)  
  61  5:28  Adept  
  61  5:37  Probe (Chrono Boost)  
  61  5:39  Pylon  
  56  5:49  Mothership Core  
  58  5:52  Dark Shrine  
  58  5:54  Pylon  
  58  5:55  Gateway x2  
  58  5:57  Gateway  
  58  6:02  Stalker  
  60  6:05  Pylon  
  60  6:11  Probe  
  60  6:13  Probe x2  
  63  6:23  Probe  
  64  6:32  Stalker x2  
  65  6:44  Probe  
  65  6:45  Immortal  
  70  6:58  Probe x2, Assimilator  
  70  7:00  Probe  
  73  7:02  Assimilator  
  73  7:09  Probe  
  73  7:11  Probe  
  73  7:12  Probe  
  74  7:19  Dark Templar x2  
  74  7:22  Dark Templar  
  74  7:23  Dark Templar x2  
Show
View Real Time Build Order
Export as new Build Order

LilDicky Terran 

Build Orders: MMM Bio 

Get SALT Encoding   

  12  0:01  SCV  
  13  0:13  SCV  
  14  0:17  Supply Depot  
  14  0:25  SCV  
  15  0:28  Refinery  
  15  0:39  SCV  
  16  0:47  Barracks  
  16  0:52  SCV  
  17  1:04  SCV  
  18  1:21  SCV  
  19  1:34  Supply Depot  
  19  1:35  Marine  
  19  1:37  Orbital Command  
  20  1:51  Factory  
  20  2:03  Barracks  
  20  2:07  Barracks  
  20  2:10  SCV  
  20  2:14  Marine  
  22  2:27  SCV  
  22  2:29  Refinery  
  23  2:38  Barracks Reactor  
  23  2:43  SCV  
  24  2:51  Barracks Tech Lab  
  24  2:53  Widow Mine  
  26  2:59  Barracks Tech Lab  
  26  3:12  Stimpack  
  26  3:14  Marine  
  26  3:15  Marine  
  26  3:19  SCV  
  29  3:21  Combat Shields  
  26  3:29  Marine  
  26  3:30  Marine  
  26  3:31  SCV  
  28  3:34  Supply Depot  
  28  3:39  Starport  
  28  3:44  Marine x2  
  28  3:47  SCV  
  31  3:56  Marauder  
  31  3:59  SCV  
  31  4:00  Marine  
  31  4:02  Marine  
  38  4:10  Supply Depot  
  38  4:11  SCV  
  38  4:14  Marine  
  38  4:15  Medivac  
  40  4:22  Marauder  
  42  4:26  Marauder  
  42  4:30  SCV  
  45  4:35  Marine  
  45  4:36  Marine  
  47  4:42  Supply Depot  
  47  4:45  Medivac  
  47  4:49  Marauder  
  47  4:51  Concussive Shells  
  51  4:54  Marine  
  52  5:03  Supply Depot  
  52  5:05  Marine  
  53  5:09  Marine  
  40  5:37  Marine x2  
  40  5:38  Marauder x2  
  40  5:39  Medivac  
  40  5:55  Marine  
  41  5:59  Marauder x2  
  41  6:04  Marine  
  46  6:18  Marine  
  47  6:19  SCV  
  47  6:21  Marine, Marauder x2  
  51  6:42  Marauder, Marine  
  50  6:53  Marine  
  50  6:54  Marauder  
  51  6:59  Marine  
  52  7:03  Command Center  
  52  7:04  Marauder  
Tags
 
Add a new tag
Caveats
  • Supply blocks, unpowered buildings, or Contaminate may cause inaccurate times.
  • Supply counts are checked every 10 seconds.